 Dungeon Crawl Stone Soup version 0.30-a0-172-gc5509c9e31 (webtiles) character file.

Game seed: 1061174824114115988

1407 drugrobin the Carver (level 8, 0/62 HPs)
             Began as a Demigod Delver on Oct 1, 2022.
             Slain by a rust devil (5 damage)
             ... summoned by a kobold demonologist
             ... on level 6 of the Dungeon.
             The game lasted 00:12:46 (4923 turns).

drugrobin the Carver (Demigod Delver)               Turns: 4923, Time: 00:12:47

Health: 0/62       AC:  0    Str: 19    XL:     8   Next: 19%
Magic:  10/10      EV: 11    Int: 12    God:
Gold:   429        SH:  4    Dex: 21    Spells: 7/7 levels left

rFire   . . .      SeeInvis .    a - +1 falchion
rCold   + . .      Faith    .    C - +0 buckler
rNeg    . . .      Spirit   .    o - +2 leather armour of Soft Rains {Str+2 Dex+2}
rPois   .          Reflect  .    (no helmet)
rElec   .          Harm     .    j - +1 cloak
rCorr   .          Rampage  .    (no gloves)
Will    .....                    t - +0 pair of boots
Stlth   +++.......               F - amulet of regeneration
HPRegen 1.10/turn                E - ring of protection from cold
MPRegen 0.12/turn                (no ring)

@: lethally poisoned (0 -> -5), weakened, corroded
A: high MP 1, forlorn, divine attributes
a: no special abilities


You were on level 6 of the Dungeon.
You visited 1 branch of the dungeon, and saw 6 of its levels.

You collected 429 gold pieces.

Inventory:

Hand Weapons
 a - a +1 falchion (weapon)
 b - a +2 dagger of venom
 c - a +0 sling
 A - a +2 short sword of freezing
Missiles
 e - 2 boomerangs (quivered)
 H - 6 javelins
Armour
 j - a +1 cloak (worn)
 o - the +2 leather armour of Soft Rains (worn) {Str+2 Dex+2}
   (You found it on level 4 of the Dungeon)

   Str:       It affects your strength (+2).
   Dex:       It affects your dexterity (+2).
 t - a +0 pair of boots (worn)
 z - a +0 scale mail of fire resistance
 C - a +0 buckler (worn)
Jewellery
 m - a ring of protection from fire
 B - an amulet of reflection
 E - a ring of protection from cold (left hand)
 F - an amulet of regeneration (around neck)
Wands
 g - a wand of digging (3)
Scrolls
 d - 3 scrolls of magic mapping
 h - 6 scrolls of identify {unknown}
 l - 4 scrolls of teleportation {unknown}
 p - 3 scrolls of enchant armour {unknown}
 q - a scroll of immolation {unknown}
 u - a scroll of noise {unknown}
 v - 2 scrolls of fog
 y - 2 scrolls of vulnerability {unknown}
 I - a scroll of acquirement {unknown}
Potions
 f - a potion of haste
 i - a potion of might {unknown}
 k - a potion of ambrosia {unknown}
 r - a potion of invisibility {unknown}
 s - a potion of degeneration {unknown}
 w - a potion of curing {unknown}
 x - a potion of brilliance {unknown}
 D - a potion of magic {unknown}
 G - a potion of flight {unknown}


   Skills:
 - Level 2.6 Fighting
 + Level 9.7 Long Blades
 - Level 1.7 Dodging
 - Level 4.5 Stealth


You had 7 spell levels left.
You didn't know any spells.
Your spell library contained the following spells:

 Spells                   Type           Power      Damage    Failure   Level
 Beastly Appendage        Tmut           0%         N/A       50%         1
 Foxfire                  Conj/Fire      0%         2x1d4     50%         1
 Wereblood                Tmut           0%         N/A       63%         2
 Inner Flame              Hex/Fire       0%         N/A       86%         3
 Spider Form              Tmut/Pois      0%         N/A       86%         3
 Flame Wave               Conj/Fire      0%         2d4       99%         4
 Sticky Flame             Conj/Fire      0%         2d3       99%         4


Dungeon Overview and Level Annotations

Branches:
Dungeon (6/15)             Temple (0/1) D:4

Shops:
D:4 [


Innate Abilities, Weirdness & Mutations

You have an increased reservoir of magic. (+10% MP)
You shall have no god before yourself.
Your divine heritage dramatically boosts your attributes as you level up.


Message History

You hit the kobold demonologist.
The kobold demonologist is moderately wounded.
The rust devil hits you! The rust devil corrodes you!
The kobold demonologist casts a spell.
Unknown command.
Unknown command.
Unknown command.
Okay, then.
Throw: 6 javelins
Press: ? - help, Shift-Dir - straight line, f - rust devil
Aim: a rust devil (summoned, 70% to hit)
Okay, then.
Unknown command.
The orange demon attacks as you move away!
The orange demon stings you!
You are poisoned.
The orange demon poisons you! The orange demon hits you.
You feel your attacks grow feeble.
You feel very sick. The orange demon closely misses you.
The rust devil hits you! The rust devil corrodes you! The shadow imp hits you.
Unknown command.
Unknown command.
Unknown command.
Unknown command.
Unknown command.
The rust devil attacks as you move away!
The rust devil hits you!
* * * LOW HITPOINT WARNING * * *
The rust devil corrodes you!
* * * LOW HITPOINT WARNING * * *
You feel very sick.
The kobold demonologist looks encouraged for a moment.
Unknown command.
As you read the scroll labelled ZEONOA KUINKA, it crumbles to dust.
It is a scroll of enchant weapon.
Your +0 falchion glows red for a moment.
* * * LOW HITPOINT WARNING * * *
You feel very sick. The rust devil hits you.
You die...

#....# #........# #.# ####.#
#.######## #.# #.# ##.## #.#
###.##### ##...## #.#
#...>...###.....## ####.# #
#.#.###.##....5..## ##.##.# #
#....##.#...4K4...####.....###
#............4....'..........)
#....##.#....@....####....####
#.#.###.##.......## ##.#.# #
#.#####.###.....## ###.# #
#.......# ##...##########.# #
#.####### ##'##........#.# #
#.# #.##.######.#.# # #.#
#.##.# #......# # #.# ##.##.#
#.##.### #.###### ##...#.#
#.##.#


You could see an orange demon (summoned), a rust devil (summoned), a kobold
demonologist (very poisoned), a chaos spawn (summoned) and a shadow imp
(summoned).

Vanquished Creatures
  Pikel (D:4)
  A black bear (D:5)
  A lemure (D:5)
  2 phantoms
  A necrophage (D:6)
  3 scorpions
  3 jellies (D:6)
  An orc priest (D:5)
  3 hounds
  An iguana (D:6)
  2 orc wizards
  8 adders
  4 ufetubi
  A worm (D:2)
  2 dart slugs
  22 orcs
  3 bats
  4 endoplasms
  3 giant cockroaches
  8 goblins
  2 hobgoblins
  4 quokkas
  7 ball pythons
  3 frilled lizards
  5 kobolds
  5 rats
100 creatures vanquished.

Vanquished Creatures (others)
  10 fungi (D:5)
  5 toadstools (D:5)
15 creatures vanquished.

Grand Total: 115 creatures vanquished

Notes
Turn   | Place    | Note
-------+----------+-------------------------------------------
     0 | D:5      | drugrobin the Demigod Delver began the quest for the Orb.
     0 | D:5      | Reached XP level 1. HP: 18/18 MP: 3/3
    30 | D:5      | Noticed a scorpion
    92 | D:6      | Noticed a hound
   139 | D:5      | Noticed a phantom
   155 | D:5      | Noticed an orc wizard
   162 | D:4      | Found a staircase to the Ecumenical Temple.
   200 | D:4      | Reached skill level 2 in Long Blades
   270 | D:4      | Identified the +2 leather armour of Soft Rains {Str+2
                  | Dex+2}
   302 | D:3      | Reached XP level 2. HP: 14/25 MP: 4/4
   341 | D:3      | Reached skill level 3 in Long Blades
   462 | D:3      | Reached XP level 3. HP: 20/30 MP: 5/5
   638 | D:2      | Reached skill level 4 in Long Blades
   700 | D:2      | Reached XP level 4. HP: 4/37 MP: 6/6
  2804 | D:4      | Reached skill level 5 in Long Blades
  2833 | D:4      | Reached XP level 5. HP: 41/41 MP: 7/7
  2964 | D:4      | Found Roreotae's Antique Armour Shop.
  3444 | D:5      | Noticed a black bear
  3445 | D:5      | Killed a black bear
  3446 | D:5      | Reached skill level 6 in Long Blades
  3480 | D:4      | Reached XP level 6. HP: 50/50 MP: 8/8
  3784 | D:5      | Reached skill level 7 in Long Blades
  3795 | D:5      | Noticed Pikel
  3847 | D:4      | Killed Pikel
  3848 | D:4      | Reached skill level 8 in Long Blades
  3848 | D:4      | Reached XP level 7. HP: 10/56 MP: 9/9
  4299 | D:6      | Reached skill level 9 in Long Blades
  4387 | D:6      | Noticed a steam dragon
  4579 | D:6      | Reached XP level 8. HP: 62/62 MP: 10/10
  4908 | D:6      | Noticed a kobold demonologist
  4916 | D:6      | Noticed a rust devil
  4920 | D:6      | Noticed an orange demon
  4923 | D:6      | Slain by a rust devil

Illustrated notes

Levels and vault maps discovered:
D:1:      scummos_arrival_forest, layout_basic,
          hellmonk_ecumenical_altar_crossroads, minmay_misc_feat_ornament
D:2:      minmay_diamond_boxcup, layout_basic, serial_curves, eino_curves_03,
          eino_curves_01
D:3:      layout_basic, serial_curves, eino_curves_02, eino_curves_02,
          eino_curves_03
D:4:      layout_rooms, nicolae_uskayaw_dance_hall,
          mainiacjoe_overflow_boulevard, minmay_temple_entry_mist, serial_shops,
          shop_statue, nrook_mini_backslash, mrwooster_statue_mirror,
          grunt_decor_fettered, corner_web_ring,
          amcnicky_mini_rare_corridor_liquid
D:5:      layout_cave_pools, grunt_ministairs_3, minmay_gold_behind_fungi,
          uniq_pikel
D:6:      layout_loops_corners, nicolae_elevator_lobby_plus

Skill      XL: |  1  2  3  4  5  6  7 |
---------------+----------------------+-----
Long Blades    | 2 3 4 5 6 8 9 |  9.7
Fighting       | |  2.6
Dodging        | |  1.7
Stealth        | |  4.5

Action                   |  1- 3 |  4- 6 |  7- 9 || total
-------------------------+-------+-------+-------++-------
Melee: Falchion          |    78 |    87 |    22 ||   187
       Dagger            |       |    92 |    24 ||   116
       Punch             |       |     1 |       ||     1
 Fire: Sling             |     2 |     3 |       ||     5
Throw: Boomerang         |     1 |     4 |     4 ||     9
  Use: Scroll            |     1 |     1 |     1 ||     3
 Stab: Sleeping          |     1 |    17 |     6 ||    24
       Distracted        |       |     2 |       ||     2
Armor: Leather armour    |    23 |    55 |     3 ||    81
Dodge: Dodged            |    39 |    63 |    12 ||   114
Block: Buckler           |       |    28 |     7 ||    35

Table legend: (Time is in decaauts)
 A = Elapsed time spent in this place.
 B = Non-inter-level travel time spent in this place.
 C = Inter-level travel time spent in this place.
 D = Time resting spent in this place.
 E = Time spent auto-exploring this place.
 F = Levels seen in this place.
 G = Mean time per level.
                   A        B        C        D        E       F      G
               +--------+--------+--------+--------+--------+-----+--------+
         Total |   4914 |   4755 |    159 |    560 |   2704 |   6 |  819.0 |
       Dungeon |   4914 |   4755 |    159 |    560 |   2704 |   6 |  819.0 |
               +--------+--------+--------+--------+--------+-----+--------+

Top non-repeatable levels by time:
     D:4: 1000 daAuts
     D:3: 885 daAuts
     D:1: 856 daAuts
     D:2: 790 daAuts
     D:6: 738 daAuts
     D:5: 643 daAuts
